 Dungeon Crawl Stone Soup version 0.30.1-4-g462c640d31 (webtiles) character file.

Game seed: 7916514111929685240

1934 boopmooplesden the Covered (level 8, -1/71 HPs)
             Began as an Armataur Fighter on Sept 8, 2023.
             Succumbed to a gnoll's poison
             ... on level 6 of the Dungeon.
             The game lasted 00:06:47 (4563 turns).

boopmooplesden the Covered (Armataur Fighter)       Turns: 4563, Time: 00:06:48

Health: -1/71      AC: 12    Str: 24    XL:     8   Next: 97%
Magic:  8/8        EV:  5    Int:  8    God:
Gold:   278        SH:  5    Dex: 10    Spells: 7/7 levels left

rFire   . . .        a - +0 war axe
rCold   . . .        c - +0 buckler
rNeg    . . .        l - +0 plate armour
rPois   .            (no helmet)
rElec   .            y - +0 cloak
rCorr   .            (no gloves)
SInv    .            (no barding)
Will    .....        (no amulet) Stlth
                     (no ring)
HPRegen 0.31/turn    (no ring)
MPRegen 0.11/turn

%: roll
@: lethally poisoned (-1 -> -16)
A: large, rugged brown scales 3, deformed body, armoured tail, roll, long
tongue, awkward tongue
a: no special abilities


You were on level 6 of the Dungeon.
You visited 1 branch of the dungeon, and saw 6 of its levels.
You also visited: Sewer.

You collected 278 gold pieces.

Inventory:

Hand Weapons
 a - a +0 war axe (weapon)
 x - a +1 heavy hammer
Armour
 b - a +0 scale mail
 c - a +0 buckler (worn)
 i - a +0 chain mail
 l - a +0 plate armour (worn)
 y - a +0 cloak (worn)
Jewellery
 j - a ring of positive energy
 o - a +6 ring of dexterity
Wands
 w - a wand of polymorph (9)
Scrolls
 k - a scroll of fear
 p - a scroll of torment {unknown}
 q - 2 scrolls of amnesia {unknown}
 r - 3 scrolls of enchant armour {unknown}
 t - 2 scrolls of magic mapping {unknown}
 v - a scroll of poison {unknown}
 z - a scroll of fog {unknown}
Potions
 d - 2 potions of flight
 e - 4 potions of curing
 f - 2 potions of lignification {unknown}
 g - a potion of ambrosia {unknown}
 h - a potion of heal wounds
 m - 2 potions of brilliance {unknown}
 n - 3 potions of invisibility
 u - 3 potions of mutation {unknown}


   Skills:
 + Level 4.9 Fighting
 + Level 7.0 Axes
 + Level 7.5 Armour
 + Level 0.5 Dodging
 + Level 0.7 Stealth
 + Level 5.5 Shields


You had 7 spell levels left.
You didn't know any spells.
Your spell library contained the following spells:

 Spells                   Type           Power      Damage    Failure   Level
 Sandblast                Erth           0%         2d4       100%        1
 Summon Small Mammal      Summ           0%         N/A       100%        1
 Cigotuvi's Dreadful Rot  Necr/Pois/Air  0%         N/A       100%        2
 Passwall                 Tmut/Erth      0%         N/A       100%        2
 Static Discharge         Conj/Air       0%         2-2/arc   100%        2
 Call Canine Familiar     Summ           0%         N/A       100%        3
 Stone Arrow              Conj/Erth      0%         3d7       100%        3
 Summon Guardian Golem    Hex/Summ       0%         N/A       100%        3
 Summon Lightning Spire   Summ/Air       0%         N/A       100%        4
 Plasma Beam              Fire/Air       0%         2x1d11    100%        6
 Storm Form               Tmut/Air       0%         N/A       100%        7
 Maxwell's Capacitive Co  Air            0%         ∞         100%        8


Dungeon Overview and Level Annotations

Branches:
Dungeon (6/15)             Temple (0/1) D:6           Sewer (visited)

Altars:
Makhleb

Shops:
D:4 (


Innate Abilities, Weirdness & Mutations

You are completely covered in rugged brown scales. (AC +3, +7% HP)
Armour fits poorly on your strangely shaped body.
You have a long armoured tail.
You roll when moving toward enemies. (Rampage)
Your long tongue fully drains potion bottles. (2x potion effects)
Your tongue gives you trouble enunciating. (1.5x scroll delay)


Message History

Pikel is severely wounded.
Pikel hits you with a +1 whip of freezing!
Pikel freezes you.
You hit Pikel but do no damage.
Pikel is severely wounded.
You block Pikel's attack.
You slash Pikel!
You kill Pikel!
With Pikel's spell broken, his former minions thank you for their freedom.
The lemure departs this earthly plane. x3
Your Axes skill increases to level 7!
Your Armour skill increases to level 7!
Things that are here:
a +1 whip of freezing; a +0 robe
Things that are here:
a +1 whip of freezing; a +0 robe A gnoll comes into view.
It is wielding a +2 spear of venom and carrying a wand of iceblast (6).
A gnoll comes into view. It is wielding a +0 whip. x2
The gnoll shouts!
You hear a shout!
A gnoll comes into view. It is wielding a +0 spear.
The gnoll shouts!
The gnoll hits you from afar with a +2 spear of venom.
You are poisoned.
You roll towards the gnoll!
You barely miss the gnoll.
Your tail-slap misses the gnoll.
You hit the gnoll.
You feel very sick. The gnoll hits you with a +0 whip.
The gnoll hits you with a +2 spear of venom.
You are more poisoned.
You feel very sick.
The gnoll hits you from afar with a +2 spear of venom.
You are lethally poisoned!
The gnoll attacks as you move away! The gnoll hits you with a +0 whip.
* * * LOW HITPOINT WARNING * * *
x2 You feel extremely sick.
The gnoll attacks as you move away! You block the gnoll's attack.
* * * LOW HITPOINT WARNING * * *
You feel very sick.
* * * LOW HITPOINT WARNING * * *
You feel very sick.
You die...

#...........#.
#...........#..####
#..g........+......
######'#.......#......
#....g.#.......#..####
#....g.'.......#+#####
#....g.#.......#......
#......#.......#......
#####@##.......##...##
#######'#....########'##
........#....# +......
........'....+ #......
##+##...#....# ##.....
#...#....#+#######'#
#...#....#...##.....
#...#....+..........
#...'....#..........


You could see 4 gnolls.

Vanquished Creatures
  Pikel (D:6)
  A wyvern (D:6)
  2 ice beasts (D:5)
  A lemure (D:6)
  A phantom (D:4)
  2 kobold brigands
  A bullfrog (D:6)
  5 scorpions
  A howler monkey (D:4)
  An orc priest (D:5)
  Crazy Yiuf (D:5)
  4 hounds
  A sleepcap (D:6)
  3 iguanas
  7 gnolls
  9 adders
  2 river rats (Sewer)
  A shadow imp (D:6)
  2 worms (D:3)
  A dart slug (D:2)
  3 orcs (D:5)
  5 ball pythons
  2 bats (D:2)
  10 endoplasms
  10 giant cockroaches
  6 goblins
  4 hobgoblins
  7 jackals
  3 quokkas
  2 frilled lizards
  12 kobolds
  7 rats
118 creatures vanquished.

Notes
Turn   | Place    | Note
-------+----------+-------------------------------------------
     0 | D:1      | boopmooplesden the Armataur Fighter began the quest for the
                  | Orb.
     0 | D:1      | Reached XP level 1. HP: 19/19 MP: 1/1
   152 | D:1      | Reached XP level 2. HP: 26/26 MP: 2/2
   509 | D:2      | Reached XP level 3. HP: 26/33 MP: 3/3
   598 | D:2      | Reached XP level 4. HP: 40/40 MP: 4/4
  1437 | D:3      | Reached XP level 5. HP: 29/48 MP: 5/5
  1554 | D:3      | Found a burning altar of Makhleb.
  1587 | D:3      | Found a faded altar of an unknown god.
  1801 | D:4      | Reached skill level 5 in Armour
  1826 | D:4      | Reached XP level 6. HP: 51/54 MP: 6/6
  1890 | D:4      | Found a glowing drain.
  1904 | Sewer    | Entered a sewer
  2089 | Sewer    | Found a white marble altar of Elyvilon.
  2166 | D:4      | Reached XP level 7. HP: 62/62 MP: 7/7
  2625 | D:4      | Found Yrphoypt's Weapon Shoppe.
  2954 | D:5      | Entered Level 5 of the Dungeon
  2967 | D:5      | Reached skill level 5 in Axes
  3426 | D:5      | Reached skill level 5 in Shields
  3426 | D:5      | Reached XP level 8. HP: 58/71 MP: 8/8
  3473 | D:5      | Got the Octavo of Might
  3665 | D:5      | Found a runed translucent door.
  3666 | D:5      | Noticed Crazy Yiuf
  3807 | D:5      | Killed Crazy Yiuf
  4507 | D:6      | Found a staircase to the Ecumenical Temple.
  4507 | D:6      | Noticed Pikel
  4539 | D:6      | Killed Pikel
  4562 | D:6      | HP: 3/71 [poisoned by a gnoll]
  4563 | D:6      | Succumbed to a gnoll's poison

Illustrated notes

Levels and vault maps discovered:
D:1:      minmay_arrival_shoal_huts, layout_rooms
D:2:      layout_loops_ring, serial_aquarium, aquarium_bridge_long_separate
          [aquarium_subvault_wall, aquarium_subvault_bridge,
          aquarium_subvault_bridge, aquarium_subvault_bridge,
          aquarium_subvault_wall, aquarium_subvault_wall],
          aquarium_bridge_square [aquarium_subvault_window,
          aquarium_subvault_wall, aquarium_subvault_bridge,
          aquarium_subvault_wall], aquarium_window_1, aquarium_window_3,
          aquarium_window_fake, aquarium_window_fake, aquarium_view_2f,
          aquarium_balcony_1a, minmay_tree_intersection
D:3:      layout_rooms, mainiacjoe_overflow_six_doors_small,
          nicolae_ecumenical_oubliette, serial_curves, eino_curves_01,
          eino_curves_04
D:4:      layout_basic, portal_sewer_entry_f, serial_bayou,
          serial_bayou_lagoon_b, serial_bayou_crossing, serial_bayou_ford_a,
          serial_bayou_pond_d, grunt_decor_one_mirror, nicolae_take_the_stairs
D:5:      layout_cave_pools, uniq_crazy_yiuf_cottage
D:6:      layout_gridville, chequers_temple_overflow_minitemple,
          minmay_temple_entry_junction_2, uniq_pikel

Skill      XL: |  1  2  3  4  5  6  7  8 |
---------------+-------------------------+-----
Armour         | 4 5 6 7 |  7.5
Fighting       | 3 4 |  4.9
Axes           | 2 3 4 5 7 |  7.0
Shields        | 4 5 |  5.5
Dodging        | |  0.5
Stealth        | |  0.7

Action                     |  1- 3 |  4- 6 |  7- 9 || total
---------------------------+-------+-------+-------++-------
  Melee: War axe           |    39 |   161 |   168 ||   368
         Tailslap          |     7 |    13 |    17 ||    37
    Use: Scroll            |       |     6 |     1 ||     7
         Potion            |       |     3 |     1 ||     4
 Armour: Scale mail        |     1 |       |       ||     1
         Plate armour      |    21 |   143 |   123 ||   287
         Chain mail        |     2 |       |       ||     2
  Dodge: Dodged            |    11 |    40 |    31 ||    82
  Block: Buckler           |     8 |    31 |    46 ||    85
